 Dungeon Crawl Stone Soup version 0.18-a0-1507-g69458e0 (webtiles) character file.

358 Sargon the Ruffian (level 6, -4/59 HPs)
             Began as a Troll Monk on Mar 4, 2016.
             Was a Believer of Yredelemnul.
             Killed from afar by an orc wizard (10 damage)
             ... with a magic dart
             ... on level 5 of the Dungeon on Mar 5, 2016.
             The game lasted 00:09:33 (2539 turns).

Sargon the Ruffian (Troll Monk)                     Turns: 2539, Time: 00:09:33

Health: -4/59      AC:  5    Str: 20    XL:     6   Next: 37%
Magic:  5/5        EV:  5    Int:  6    God:    Yredelemnul [**....]
Gold:   135        SH: 11    Dex: 14    Spells: 0 memorised, 5 levels left

rFire  + . .     SeeInvis .       - Unarmed
rCold  . . .     Gourm    +     t - +0 robe {rF+}
rNeg   . . .     Faith    .     o - +0 large shield
rPois  .         Spirit   .     (helmet restricted)
rElec  .         Dismiss  .     (no cloak)
rCorr  .         Reflect  .     (gloves unavailable)
SustAt .         Harm     .     (boots unavailable)
MR     .....                    (no amulet)
Stlth  ++........               (no ring)
                                (no ring)

@: very slightly contaminated, hasted, very quick, not resistant to hostile
enchantments, unstealthy
A: unfitting armour, claws 3, fast metabolism 3, gourmand, regeneration 2,
shaggy fur 1, tough skin 2
a: Animate Remains, Recall Undead Slaves, Injury Mirror, Renounce Religion


You were on level 5 of the Dungeon.
You worshipped Yredelemnul.
Yredelemnul was pleased with you.
You were full.

You visited 1 branch of the dungeon, and saw 5 of its levels.

You collected 235 gold pieces.
You spent 100 gold pieces at shops.

Inventory:

Armour
 o - a +0 large shield (worn)
 t - a +0 robe of fire resistance (worn)
Wands
 q - a wand of slowing (23/48)
Scrolls
 a - a scroll of amnesia {unknown}
 c - 4 scrolls of identify {unknown}
 e - 3 scrolls of teleportation {unknown}
 g - a scroll of noise {unknown}
 i - a scroll of random uselessness {unknown}
 n - 2 scrolls of immolation {unknown}
 r - a scroll of enchant weapon {unknown}
Potions
 h - a potion of curing
 j - a potion of cancellation {unknown}
 k - a potion of flight {unknown}
 m - a potion of agility {unknown}
 p - a potion of heal wounds {unknown}
Comestibles
 b - 8 bread rations
 f - a royal jelly
 l - 3 meat rations


   Skills:
 - Level 2.5 Fighting
 - Level 2.6 Dodging
 - Level 1.2 Stealth
 + Level 7.5 Unarmed Combat


You had 5 spell levels left.
You didn't know any spells.

Dungeon Overview and Level Annotations

Branches:
Dungeon (5/15)
 Temple: D:4-7

Altars:
Nemelex Xobeh
Okawaru
Sif Muna
Vehumet
Yredelemnul
The Shining One

Shops:
D:4 [

Annotations:
D:4 Edmund


Innate Abilities, Weirdness & Mutations

You are too large for most types of armour.
You have claws for hands.
Your metabolism is lightning-fast.
You like to eat raw meat.
You heal very quickly.
You are covered in fur (AC +1).
You have very tough skin (AC +2).


Message History

You feel sick.
Found a plate armour, 16 gold pieces and a scroll labeled OGGOUNNIATE.
There is a stone staircase leading up here.
Drink which item? (? for menu, Esc to quit)
It was a potion of haste.
You feel yourself speed up.
* * * LOW HITPOINT WARNING * * *
You feel very sick. Something hits you.
* * * LOW HITPOINT WARNING * * *
Something hits you.
* * * LOW HITPOINT WARNING * * *
You are more poisoned.
You are very lightly contaminated with residual magic.
Drink which item? (? for menu, Esc to quit)
It was a potion of curing.
You feel better.
You hear some strange, mumbled words.
A magic dart appears from out of thin air!
The magic dart hits you!
You die...
Your body rises from the dead as a mindless zombie.

### ## ... .?.
... ..$. #.#
..... #.# #
##....#.#.#####
.......@.......
....#.l{#######
. ...l...
..[.....##
.....#...
..#...#.. # #.
.#.. #.#.....


You could see an iguana (sleeping) and a giant gecko.

Vanquished Creatures
  A scorpion (D:4)
  2 orc priests
  2 orc wizards
  A worker ant (D:4)
  Robin (D:2)
  4 adders
  A shadow imp (D:4)
  An ooze (D:2)
  2 worms (D:2)
  A dart slug (D:1)
  A giant gecko (D:1)
  9 orcs
  6 bats
  7 giant cockroaches
  17 goblins
  10 hobgoblins
  10 kobolds
  3 ball pythons
  2 giant newts
  10 rats
91 creatures vanquished.

Notes
Turn   | Place    | Note
--------------------------------------------------------------
     0 | D:1      | Sargon the Troll Monk began the quest for the Orb.
     0 | D:1      | Reached XP level 1. HP: 22/22 MP: 0/0
    80 | D:1      | Reached XP level 2. HP: 26/29 MP: 1/1
   462 | D:1      | Reached XP level 3. HP: 33/36 MP: 2/2
   514 | D:1      | Upgraded the game from 0.18-a0-1497-g788d838 to 0.18-a0-1507-g69458e0
   617 | D:2      | Reached skill level 5 in Unarmed Combat
   635 | D:2      | Noticed Robin
   684 | D:2      | Killed Robin
   684 | D:2      | Reached XP level 4. HP: 39/44 MP: 3/3
  1399 | D:3      | Reached skill level 6 in Unarmed Combat
  1399 | D:3      | Reached XP level 5. HP: 13/50 MP: 4/4
  1465 | D:3      | Found a deep blue altar of Sif Muna.
  1479 | D:3      | Found a sparkling altar of Nemelex Xobeh.
  1482 | D:3      | Found a glowing golden altar of the Shining One.
  1485 | D:3      | Found a basalt altar of Yredelemnul.
  1489 | D:3      | Became a worshipper of Yredelemnul the Dark
  1489 | D:3      | Reached * piety under Yredelemnul
  1489 | D:3      | Reached ** piety under Yredelemnul
  1980 | D:4      | Noticed an ogre
  2004 | D:4      | HP: 2/50 [ogre/giant club (21)]
  2110 | D:4      | Found a radiant altar of Vehumet.
  2129 | D:4      | Found an iron altar of Okawaru.
  2201 | D:4      | Reached skill level 7 in Unarmed Combat
  2201 | D:4      | Reached XP level 6. HP: 36/59 MP: 5/5
  2245 | D:4      | Found Oreq's Armour Shop.
  2254 | D:4      | Bought a +0 robe of fire resistance for 100 gold pieces
  2424 | D:4      | Noticed Edmund
  2537 | D:5      | Entered Level 5 of the Dungeon
  2538 | D:5      | HP: 1/59 [something (2)]
  2539 | D:5      | Killed from afar by an orc wizard

Vault maps used:
D:1:      minmay_arrival_three_doors, solitary_fountain
D:2:      first_bread, kennysheep_another_room, uniq_robin
D:3:      grunt_temple_overflow_cloverleaf
D:4:      nicolae_overflow_crystal_walls, serial_shops, shop,
          okawaru_ov_weapons_minmay, uniq_menkaure, uniq_edmund
D:5:      grunt_dithmenos_shadows, old_standard_altar, lemuel_round_altar,
          minmay_temple_entry_from_below_a, serial_shops, shop

Skill      XL: |  1  2  3  4  5 |
---------------+----------------+-----
Unarmed Combat | 5 6 7 |  7.5
Fighting       | |  2.5
Dodging        | |  2.6
Stealth        | |  1.2

Action                   |  1- 3 |  4- 6 || total
-------------------------+-------+-------++-------
Melee: Unarmed           |    97 |   156 ||   253
  Use: Potion            |       |     2 ||     2
 Stab: Sleeping          |     1 |     4 ||     5
  Eat: Chunk             |    10 |    15 ||    25
